EL
BILOXI SHUCKERS @ PENSACOLA BLUE WAHOOS
09/20/2047
 
TOP OF THE 1ST
Biloxi Shuckers batting - Pitching for Pensacola Blue Wahoos : LHP Suk-jin Sok
Pitching: LHP Suk-jin Sok
Batting: RHB Hector Silva 0-0: Ball
1-0: Foul Ball, location: 2F
1-1: Foul Ball, location: 2F
1-2: Ball
2-2: Ground out 6-3 (Groundball, 6, EV 85.6 MPH)
Batting: RHB Josh Nelson 0-0: Called Strike
0-1: Foul Ball, location: 2F
0-2: Fly out, F4 (Popup, 34D, EV 46.2 MPH)
Batting: RHB Herb McIntyre 0-0: Ground out 4-3 (Groundball, 4M, EV 88.8 MPH)
Top of the 1st over - 0 runs, 0 hits, 0 errors, 0 left on base; Biloxi 0 - Pensacola 0
BOTTOM OF THE 1ST
Pensacola Blue Wahoos batting - Pitching for Biloxi Shuckers : RHP Nick Butler
Pitching: RHP Nick Butler
Batting: RHB Dusty Pollert 0-0: Ball
1-0: Called Strike
1-1: Ball
2-1: Foul Ball, location: 2F
2-2: Ball
3-2: Ground out 5-3 (Groundball, 56, EV 104.4 MPH)
Batting: SHB Paul Sandoval 0-0: Foul Ball, location: 2F
0-1: Ball
1-1: Swinging Strike
1-2: Strikes out swinging
Batting: SHB Freddie Farrar 0-0: Ball
1-0: Ball
2-0: Ball
3-0: Called Strike
3-1: Foul Ball, location: 2F
3-2: Strikes out swinging
Bottom of the 1st over - 0 runs, 0 hits, 0 errors, 0 left on base; Biloxi 0 - Pensacola 0
TOP OF THE 2ND
Biloxi Shuckers batting - Pitching for Pensacola Blue Wahoos : LHP Suk-jin Sok
Batting: RHB Cameron Rattenbury 0-0: Ball
1-0: Ball
2-0: Ball
3-0: Called Strike
3-1: Ground out 5-3 (Groundball, 5, EV 106.2 MPH)
Batting: RHB Vinny Estrada 0-0: Ground out 5-3 (Groundball, 56, EV 83.8 MPH)
Batting: RHB Steve Byerly 0-0: Ball
1-0: Ball
2-0: Foul Ball, location: 2F
2-1: Fly out, F8 (Flyball, 8RD, EV 83.1 MPH)
Top of the 2nd over - 0 runs, 0 hits, 0 errors, 0 left on base; Biloxi 0 - Pensacola 0
BOTTOM OF THE 2ND
Pensacola Blue Wahoos batting - Pitching for Biloxi Shuckers : RHP Nick Butler
Batting: RHB Mike Alm 0-0: Foul Ball, location: 2F
0-1: Foul Ball, location: 2F
0-2: Foul Ball, location: 2F
0-2: SINGLE (Line Drive, 56D, EV 95.6 MPH)
Batting: RHB Jonathan Robies 0-0: Ball
Mike Alm steals 2nd base (no throw)
1-0: Ball
2-0: Called Strike
2-1: Called Strike
2-2: SINGLE (Line Drive, 4M, EV 105.0 MPH)
Mike Alm to third
Batting: RHB Jon Marquez 0-0: Ball
Jonathan Robies steals 2nd base
1-0: Called Strike
1-1: Foul Ball, location: 2F
1-2: Ground out U3 (Groundball, 3S, EV 68.1 MPH)
Batting: RHB Danny Real 0-0: Ball
1-0: Foul Ball, location: 2F
1-1: Ball
2-1: Called Strike
2-2: Ball
3-2: Foul Ball, location: 2F
3-2: Strikes out swinging
Batting: RHB Frank Moron 0-0: Ball
1-0: Ball
2-0: Ground out 6-3 (Groundball, 6, EV 103.1 MPH)
Bottom of the 2nd over - 0 runs, 2 hits, 0 errors, 2 left on base; Biloxi 0 - Pensacola 0
TOP OF THE 3RD
Biloxi Shuckers batting - Pitching for Pensacola Blue Wahoos : LHP Suk-jin Sok
Batting: LHB Adam Hill 0-0: Called Strike
0-1: Ball
1-1: Ground out U3 (Groundball, 3L, EV 86.9 MPH)
Batting: RHB Brian Landrum 0-0: Swinging Strike
0-1: Called Strike
0-2: Ball
1-2: Ball
2-2: Foul Ball, location: 2F
2-2: Ball
3-2: SINGLE (Line Drive, 9S, EV 106.2 MPH)
Batting: SHB Robert Sayer 0-0: Ball
1-0: Swinging Strike
1-1: Foul Ball, location: 2F
1-2: Ball
2-2: Ball
3-2: Strikes out swinging
Batting: RHB Hector Silva 0-0: Ball
1-0: Called Strike
1-1: Ball
2-1: Foul Ball, location: 2F
2-2: Ball
3-2: DOUBLE (Line Drive, 9LM, EV 98.8 MPH)
Brian Landrum to third
Brian Landrum scores
Batting: RHB Josh Nelson 0-0: Ball
1-0: 2-RUN HOME RUN (Flyball, 9D, EV 95.6 MPH), Distance : 371 ft
Batting: RHB Herb McIntyre 0-0: Ball
1-0: Fly out, F2 (Popup, 23F, EV 93.1 MPH)
Top of the 3rd over - 3 runs, 3 hits, 0 errors, 0 left on base; Biloxi 3 - Pensacola 0
BOTTOM OF THE 3RD
Pensacola Blue Wahoos batting - Pitching for Biloxi Shuckers : RHP Nick Butler
Batting: RHB Yutaka Sato 0-0: Ball
1-0: Ball
2-0: Called Strike
2-1: Ball
3-1: Base on Balls
Batting: RHB Dusty Pollert 0-0: Ball
1-0: Called Strike
1-1: Swinging Strike
1-2: SINGLE (Groundball, 34D, EV 94.4 MPH)
Yutaka Sato to second
Runner from 2nd tries for 3rd, SAFE, throw by RF made to third
Batting: SHB Paul Sandoval 0-0: Ball
Dusty Pollert steals 2nd base
1-0: Called Strike
1-1: Foul Ball, location: 2F
1-2: Strikes out swinging
Batting: SHB Freddie Farrar 0-0: Ball
1-0: Ball
2-0: Ground out 1-3 (Groundball, 34S, EV 66.2 MPH)
Batting: RHB Mike Alm 0-0: Ground out 1-3 (Groundball, 13, EV 60.6 MPH)
Bottom of the 3rd over - 0 runs, 1 hit, 0 errors, 2 left on base; Biloxi 3 - Pensacola 0
TOP OF THE 4TH
Biloxi Shuckers batting - Pitching for Pensacola Blue Wahoos : LHP Suk-jin Sok
Batting: RHB Cameron Rattenbury 0-0: Ball
1-0: Called Strike
1-1: Reached on error, E1 (Groundball, 15, EV 61.2 MPH)
Batting: RHB Vinny Estrada 0-0: Called Strike
0-1: Ball
1-1: Foul Ball, location: 2F
1-2: Fly out, F7 (Flyball, 78M, EV 88.1 MPH)
Batting: RHB Steve Byerly 0-0: Swinging Strike
0-1: Foul Ball, location: 2F
0-2: Foul Ball, location: 2F
0-2: Ball
1-2: Ball
2-2: Ground out U3 (Groundball, 3S, EV 78.1 MPH)
Cameron Rattenbury to third
Batting: LHB Adam Hill 0-0: Ball
1-0: Called Strike
1-1: Ball
2-1: Swinging Strike
2-2: Ball
3-2: Ground out 4-3 (Groundball, 4, EV 106.2 MPH)
Top of the 4th over - 0 runs, 0 hits, 1 error, 1 left on base; Biloxi 3 - Pensacola 0
BOTTOM OF THE 4TH
Pensacola Blue Wahoos batting - Pitching for Biloxi Shuckers : RHP Nick Butler
Batting: RHB Jonathan Robies 0-0: Called Strike
0-1: Ball
1-1: Fly out, F8 (Line Drive, 8RM, EV 86.2 MPH)
Batting: RHB Jon Marquez 0-0: Called Strike
0-1: Swinging Strike
0-2: Ground out U3 (Groundball, 3S, EV 70.6 MPH)
Batting: RHB Danny Real 0-0: Ball
1-0: Swinging Strike
1-1: Foul Ball, location: 2F
1-2: Ground out 6-3 (Groundball, 6, EV 85.0 MPH)
Bottom of the 4th over - 0 runs, 0 hits, 0 errors, 0 left on base; Biloxi 3 - Pensacola 0
TOP OF THE 5TH
Biloxi Shuckers batting - Pitching for Pensacola Blue Wahoos : LHP Suk-jin Sok
Batting: RHB Brian Landrum 0-0: Called Strike
0-1: Ball
1-1: SINGLE (Groundball, 6MD, EV 94.4 MPH)
Batting: SHB Robert Sayer 0-0: Fielders Choice at 2nd, 4-6 (Groundball, 4, EV 90.0 MPH)
Batting: RHB Hector Silva 0-0: Ball
1-0: SINGLE (Groundball, 13S, EV 67.5 MPH) (infield hit)
Robert Sayer to second
Batting: RHB Josh Nelson 0-0: Called Strike
0-1: Ball
1-1: Ball
2-1: Swinging Strike
2-2: Strikes out swinging
Batting: RHB Herb McIntyre 0-0: Swinging Strike
0-1: Ball
1-1: Fly out, F6 (Popup, 6, EV 82.5 MPH)
Top of the 5th over - 0 runs, 2 hits, 0 errors, 2 left on base; Biloxi 3 - Pensacola 0
BOTTOM OF THE 5TH
Pensacola Blue Wahoos batting - Pitching for Biloxi Shuckers : RHP Nick Butler
Batting: RHB Frank Moron 0-0: Called Strike
0-1: Swinging Strike
0-2: Strikes out swinging
Batting: RHB Yutaka Sato 0-0: SINGLE (Line Drive, 56, EV 102.5 MPH)
Batting: RHB Dusty Pollert 0-0: Called Strike
0-1: Ball
1-1: Called Strike
Yutaka Sato is caught stealing 2nd base 2-4
1-2: Fly out, F8 (Line Drive, 8LM, EV 98.1 MPH)
Bottom of the 5th over - 0 runs, 1 hit, 0 errors, 0 left on base; Biloxi 3 - Pensacola 0
TOP OF THE 6TH
Biloxi Shuckers batting - Pitching for Pensacola Blue Wahoos : LHP Suk-jin Sok
Batting: RHB Cameron Rattenbury 0-0: SOLO HOME RUN (Flyball, 89XD, EV 102.5 MPH), Distance : 409 ft
Batting: RHB Vinny Estrada 0-0: Reached on error, E5 (Groundball, 5, EV 97.5 MPH)
Batting: RHB Steve Byerly 0-0: Ball
1-0: Grounds into double play, 4-6-3 (Groundball, 4, EV 76.9 MPH)
Batting: LHB Adam Hill 0-0: Ball
1-0: Ball
2-0: Ball
3-0: Base on Balls
Batting: RHB Brian Landrum 0-0: Called Strike
Adam Hill is caught stealing 2nd base 2-4
Top of the 6th over - 1 run, 1 hit, 1 error, 0 left on base; Biloxi 4 - Pensacola 0
BOTTOM OF THE 6TH
Pensacola Blue Wahoos batting - Pitching for Biloxi Shuckers : RHP Nick Butler
Batting: SHB Paul Sandoval 0-0: Called Strike
0-1: Ball
1-1: Ball
2-1: Ground out 4-3 (Groundball, 4, EV 100.6 MPH)
Batting: SHB Freddie Farrar 0-0: Ball
1-0: Foul Ball, location: 2F
1-1: Ground out 6-3 (Groundball, 6MS, EV 75.6 MPH)
Batting: RHB Mike Alm 0-0: Foul Ball, location: 2F
0-1: Foul Ball, location: 2F
0-2: Foul Ball, location: 2F
0-2: Strikes out swinging
Bottom of the 6th over - 0 runs, 0 hits, 0 errors, 0 left on base; Biloxi 4 - Pensacola 0
TOP OF THE 7TH
Biloxi Shuckers batting - Pitching for Pensacola Blue Wahoos : LHP Suk-jin Sok
Batting: RHB Brian Landrum 0-0: Called Strike
0-1: Foul Ball, location: 2F
0-2: Foul Ball, location: 2F
0-2: Foul Ball, location: 2F
0-2: Hit by Pitch
Batting: SHB Robert Sayer 0-0: Ball
1-0: Sac Bunt to 13S - play at first, batter OUT! 1-3
Brian Landrum to second
Batting: RHB Hector Silva 0-0: Ball
1-0: Ground out 6-3 (Groundball, 6S, EV 87.5 MPH)
Batting: RHB Josh Nelson 0-0: Called Strike
0-1: Ball
1-1: Ball
2-1: Foul Ball, location: 2F
2-2: Ball
3-2: SINGLE (Groundball, 56D, EV 103.1 MPH)
Brian Landrum to third
Runner from 3rd tries for Home, SAFE, throw by LF to home
Pitching: LHP Omar Guardado
Batting: RHB Herb McIntyre 0-0: Called Strike
0-1: Foul Ball, location: 2F
0-2: Ball
1-2: Ball
2-2: Ball
3-2: Fly out, F7 (Flyball, 78M, EV 76.2 MPH)
Top of the 7th over - 1 run, 1 hit, 0 errors, 1 left on base; Biloxi 5 - Pensacola 0
BOTTOM OF THE 7TH
Pensacola Blue Wahoos batting - Pitching for Biloxi Shuckers : RHP Nick Butler
Pitching: RHP Chris Bedard
Batting: RHB Jonathan Robies 0-0: Called Strike
0-1: Called Strike
0-2: Ball
1-2: Foul Ball, location: 2F
1-2: Ball
2-2: Ground out 6-3 (Groundball, 6, EV 83.8 MPH)
Batting: RHB Jon Marquez 0-0: Ball
1-0: Foul Ball, location: 2F
1-1: Foul Ball, location: 2F
1-2: Ball
2-2: Ball
3-2: Strikes out looking
Batting: RHB Danny Real 0-0: Foul Ball, location: 2F
0-1: Fly out, F8 (Flyball, 8RM, EV 83.8 MPH)
Bottom of the 7th over - 0 runs, 0 hits, 0 errors, 0 left on base; Biloxi 5 - Pensacola 0
TOP OF THE 8TH
Biloxi Shuckers batting - Pitching for Pensacola Blue Wahoos : LHP Omar Guardado
Batting: RHB Cameron Rattenbury 0-0: Called Strike
0-1: Ball
1-1: Called Strike
1-2: Ball
2-2: Ball
3-2: Base on Balls
Batting: RHB Vinny Estrada 0-0: Ball
Balk!
Cameron Rattenbury to second
1-0: SINGLE (Line Drive, 9LS, EV 98.1 MPH)
Cameron Rattenbury to third
Batting: RHB Steve Byerly 0-0: Ball
1-0: Ball
Wild Pitch!
Cameron Rattenbury scores
Vinny Estrada to second
2-0: Ball
3-0: Called Strike
Balk!
Vinny Estrada to third
3-1: Base on Balls
Batting: LHB Adam Hill 0-0: Called Strike
0-1: Ball
1-1: TRIPLE (Line Drive, 9LD, EV 103.1 MPH)
Vinny Estrada scores
Steve Byerly scores
Batting: RHB Brian Landrum 0-0: Foul Ball, location: 2F
0-1: Foul Ball, location: 2F
0-2: Ball
1-2: Ball
2-2: Ball
3-2: Foul Ball, location: 2F
3-2: Base on Balls
Batting: SHB Robert Sayer 0-0: Ball
1-0: Ball
2-0: Fly out, F8 (Line Drive, 89M, EV 99.4 MPH)
Runner from 3rd tags up, SCORES, no throw by CF
Pitching: LHP Brian Whittall
Batting: RHB Hector Silva 0-0: Fly out, F9 (Flyball, 9, EV 83.1 MPH)
Batting: RHB Josh Nelson 0-0: Ball
1-0: Ball
2-0: Swinging Strike
2-1: SINGLE (Groundball, 4MD, EV 106.2 MPH)
Brian Landrum to second
Batting: RHB Herb McIntyre 0-0: Called Strike
0-1: Ball
1-1: Ground out 3-1 (Groundball, 34, EV 87.5 MPH)
Top of the 8th over - 4 runs, 3 hits, 0 errors, 2 left on base; Biloxi 9 - Pensacola 0
BOTTOM OF THE 8TH
Pensacola Blue Wahoos batting - Pitching for Biloxi Shuckers : RHP Chris Bedard
Batting: RHB Frank Moron 0-0: Ball
1-0: Ball
2-0: Fly out, F8 (Line Drive, 8LM, EV 92.5 MPH)
Batting: RHB Yutaka Sato 0-0: Ball
1-0: Fly out, F9 (Flyball, 9, EV 81.2 MPH)
Pinch Hitting: LHB Keith Egan 0-0: Called Strike
0-1: Swinging Strike
0-2: Strikes out looking
Bottom of the 8th over - 0 runs, 0 hits, 0 errors, 0 left on base; Biloxi 9 - Pensacola 0
TOP OF THE 9TH
Biloxi Shuckers batting - Pitching for Pensacola Blue Wahoos : LHP Brian Whittall
Now in RF: Keith Egan
Batting: RHB Cameron Rattenbury 0-0: Ball
1-0: Called Strike
1-1: Ball
2-1: Swinging Strike
2-2: Strikes out swinging
Batting: RHB Vinny Estrada 0-0: Ball
1-0: Foul Ball, location: 2F
1-1: Foul Ball, location: 2F
1-2: Fly out, F7 (Flyball, 7D, EV 100.0 MPH)
Batting: RHB Steve Byerly 0-0: Ball
1-0: Called Strike
1-1: Called Strike
1-2: Ground out 4-3 (Groundball, 4, EV 103.1 MPH)
Top of the 9th over - 0 runs, 0 hits, 0 errors, 0 left on base; Biloxi 9 - Pensacola 0
BOTTOM OF THE 9TH
Pensacola Blue Wahoos batting - Pitching for Biloxi Shuckers : RHP Chris Bedard
Pinch Hitting: SHB Rich Ranaldi 0-0: Ball
1-0: Foul Ball, location: 2F
1-1: Swinging Strike
1-2: Ball
2-2: Foul Ball, location: 2F
2-2: Foul Ball, location: 2F
2-2: Strikes out swinging
Pinch Hitting: RHB Tim Wormell 0-0: Foul Ball, location: 2F
0-1: Ground out 6-3 (Groundball, 6, EV 86.9 MPH)
Batting: RHB Mike Alm 0-0: Fly out, F9 (Flyball, 9S, EV 91.9 MPH)
Bottom of the 9th over - 0 runs, 0 hits, 0 errors, 0 left on base; Biloxi 9 - Pensacola 0
Thursday, December 15th , 2022 - OOTP Baseball 23.9 Build 102